 Dungeon Sprint DCSS version 0.31-a0-18-gea43df2a32 (webtiles) character file.

Game seed: 15129748715689405753

263 sircluck the Grappler (level 5, -2/61 HPs)
             Began as a Troll Berserker on May 10, 2023.
             Was a Follower of Trog.
             Slain by a neqoxec (7 damage)
             ... in the Dungeon (Sprint II: "The Violet Keep of Menkaure").
             The game lasted 00:00:13 (18 turns).

sircluck the Grappler (Troll Berserker)               Turns: 18, Time: 00:00:14

Health: -2/61      AC:  4    Str: 27    XL:     5   Next: 97%
Magic:  4/4        EV: 11    Int:  1    God:    Trog [*.....]
Gold:   0          SH:  0    Dex:  9    Spells: 4/4 levels left

rFire   . .          .
                       - Unarmed
rCold   . . .        (no shield)
rNeg    . . .        a - +0 animal skin
rPois   .            (helmet restricted)
rElec   .            (no cloak)
rCorr   .            (gloves unavailable)
SInv    .            (boots unavailable)
Will    .....        (no amulet)
Stlth   +            (no ring)
HPRegen 1.10/turn    (no ring)
MPRegen 0.09/turn

%: no teleportation
@: on berserk cooldown, slowed, lost intelligence, unable to read, very slow
A: large, unfitting armour, claws 3, regeneration 1, shaggy fur 1, tough skin 1,
dopey 1
a: Renounce Religion, Berserk


You were in the Dungeon.
You worshipped Trog.
Trog was aware of your devotion.
You visited 1 branch

Inventory:

Armour
 a - a +0 animal skin (worn)
Scrolls
 g - a scroll of blinking
Potions
 b - a potion of curing
 c - a potion of heal wounds
 d - a potion of haste
 e - 2 potions of magic
 f - a potion of berserk rage


   Skills:
 + Level 6.4 Fighting
 + Level 6.3 Dodging
 + Level 8.1 Unarmed Combat


You had 4 spell levels left.
You didn't know any spells.
Your spell library was empty.

Dungeon Overview and Level Annotations

Branches:
Dungeon (1/1)

Altars:


Innate Abilities, Weirdness & Mutations

You are too large for most types of armour.
You have claws for hands.
Your natural rate of healing is unusually fast.
You are covered in fur. (AC +1)
You have tough skin. (AC +1)
You are dopey. (Int -2)


Message History

You feel stupid.
You closely miss the neqoxec.
The neqoxec is almost dead.
The neqoxec gestures at you.
You feel dopey.
You have lost your intelligence.
Something feeds on your intellect! The neqoxec hits you!
The neqoxec gestures at you.
You feel dopey. Something feeds on your intellect! The neqoxec gestures at you.
Something tries to feed on your intellect!
The neqoxec gestures at you.
Something tries to feed on your intellect!
The neqoxec hits you!
You can move again.
You completely miss the neqoxec.
The neqoxec is almost dead.
The neqoxec hits you!
* * * LOW HITPOINT WARNING * * *
You mangle the neqoxec!!
You kill the neqoxec!
Trog accepts your kill.
You feel your intelligence returning.
Your Fighting skill increases to level 6!
Your Dodging skill increases to level 6!
Your Unarmed Combat skill gained 2 levels and is now at level 8!
You have reached level 5!
You are no longer berserk.
You are exhausted.
You feel yourself slow down. The neqoxec closely misses you.
The neqoxec barely misses you.
There is an open door here.
You scratch the neqoxec.
The neqoxec is lightly wounded.
The neqoxec hits you.
* * * LOW HITPOINT WARNING * * *
The neqoxec hits you!
* * * LOW HITPOINT WARNING * * *
The neqoxec completely misses you. The neqoxec hits you!
You die...

## ###
#.##..#
#33.#
#@#
##.##
+.<.+
##.##
#+#


You could see 2 neqoxecs.

Vanquished Creatures
  2 neqoxecs (D)
2 creatures vanquished.

Notes
Turn   | Place    | Note
-------+----------+-------------------------------------------
     0 | D        | sircluck the Troll Berserker began the quest for the Orb.
     0 | D        | Reached XP level 1. HP: 22/22 MP: 0/0
     1 | D        | Noticed a neqoxec
     1 | D        | Noticed a neqoxec
     1 | D        | Noticed a neqoxec
     1 | D        | Noticed a neqoxec
     7 | D        | Killed a neqoxec
     8 | D        | Reached skill level 5 in Fighting
     8 | D        | Reached skill level 5 in Dodging
     8 | D        | Reached skill level 6 in Unarmed Combat
     8 | D        | Reached XP level 2. HP: 35/35 MP: 1/1
     8 | D        | Reached XP level 3. HP: 42/42 MP: 2/2
     8 | D        | Reached XP level 4. HP: 50/50 MP: 3/3
    11 | D        | Gained mutation: You are dopey. (Int -2) [a neqoxec]
    12 | D        | Lost intelligence.
    16 | D        | Killed a neqoxec
    17 | D        | Reached skill level 8 in Unarmed Combat
    17 | D        | Reached XP level 5. HP: 27/61 MP: 4/4
    18 | D        | Slain by a neqoxec

Illustrated notes

Levels and vault maps discovered:
D:        the_violet_keep_of_menkaure [sprint2_stairs_cluster_1,
          sprint2_shoproom, sprint2_temple, sprint2_basic_supplies,
          sprint2_obstacle_7, sprint2_obstacle_2, sprint2_obstacle_4,
          sprint2_obstacle_3, sprint2_obstacle_1, sprint2_timed_cluster_1,
          sprint2_smallroom_cluster_1, sprint2_smallroom_final_cluster_1,
          sprint2_transparent_cluster_1, sprint2_second_timed_cluster_1,
          sprint2_sniper_area_1, sprint2_heavy_combat_area_1,
          sprint2_mutation_trap_area_1, sprint2_forest_area_1,
          sprint2_light_combat_area_1, sprint2_behind_water_1,
          sprint2_near_end_vault_1]

Skill      XL: |  1  2  3  4 |
---------------+-------------+-----
Fighting       | 5 6 |  6.4
Dodging        | 5 6 |  6.3
Unarmed Combat | 6 8 |  8.1

Action                     |  1- 3 |  4- 6 || total
---------------------------+-------+-------++-------
  Melee: Unarmed           |     5 |     8 ||    13
 Invoke: Berserk           |     1 |       ||     1
  Dodge: Dodged            |     1 |     3 ||     4

Table legend: (Time is in decaauts)
 A = Elapsed time spent in this place.
 B = Non-inter-level travel time spent in this place.
 C = Inter-level travel time spent in this place.
 D = Time resting spent in this place.
 E = Time spent auto-exploring this place.
 F = Levels seen in this place.
 G = Mean time per level.
                   A        B        C        D        E       F      G
               +--------+--------+--------+--------+--------+-----+--------+
         Total |     13 |     13 |      0 |      0 |      1 |   1 |   13.0 |
       Dungeon |     13 |     13 |      0 |      0 |      1 |   1 |   13.0 |
               +--------+--------+--------+--------+--------+-----+--------+

Top non-repeatable levels by time:
       D: 13 daAuts
